Map: Automaton LE

Players

Neeblet (Neeb) - Winner!

  • Race: Protoss Protoss
  • League: Grandmaster
  • Spawn Location: 3:00

HeroMarine

  • Race: Terran Terran
  • League: Master
  • Spawn Location: 9:00

Event: IEM Season 13 - Katowice Server Qualifiers Europe

VOD

Have the link to the VOD?

Description

Time

  • Played on: Jan. 8, 2019, 10:34 a.m.
  • Length: 12:12

All games in this series

Show
View Real Time Build Order
Export as new Build Order

Neeblet Protoss - Winner!

Build Orders: 1 Gate Expand, Oracle Opening, Blink Stalkers 

Get SALT Encoding   

  12  0:00  Probe  
  13  0:12  Probe  
  14  0:18  Pylon  
  14  0:24  Probe  
  15  0:32  Probe  
  15  0:37  Gateway  
  15  0:40  Probe  
  16  0:47  Assimilator  
  17  0:51  Probe  
  18  1:03  Probe  
  19  1:15  Probe  
  20  1:25  Nexus  
  20  1:35  Cybernetics Core  
  20  1:37  Probe  
  21  1:43  Assimilator  
  21  1:49  Probe  
  21  1:54  Pylon  
  22  2:02  Probe  
  22  2:03  Adept  
  23  2:14  Probe  
  26  2:23  Stargate  
  26  2:25  Probe  
  26  2:29  Adept  
  27  2:33  Probe  
  27  2:35  Warp Gate  
  29  2:40  Probe  
  29  2:41  Probe  
  32  2:52  Probe  
  32  2:56  Adept, Probe  
  36  3:00  Oracle  
  36  3:05  Probe  
  37  3:12  Probe  
  40  3:17  Probe  
  41  3:24  Probe  
  42  3:27  Pylon  
  42  3:31  Probe  
  42  3:33  Pylon  
  43  3:35  Twilight Council  
  43  3:36  Probe  
  44  3:43  Probe  
  45  3:48  Gateway  
  45  3:49  Gateway  
  45  3:51  Probe  
  45  3:54  Blink  
  46  3:56  Probe  
  46  3:59  Assimilator  
  46  4:02  Pylon  
  47  4:03  Probe  
  47  4:08  Probe  
  49  4:15  Probe  
  50  4:22  Probe  
  51  4:28  Probe  
  51  4:34  Probe  
  51  4:40  Probe  
  51  4:41  Stalker  
  51  4:42  Stalker  
  51  4:45  Phoenix, Stalker  
  58  4:52  Probe  
  62  4:59  Gateway  
  61  5:00  Pylon  
  61  5:01  Gateway  
  61  5:03  Gateway  
  61  5:16  Stalker x3  
  67  5:24  Pylon  
  67  5:26  Probe x2  
  67  5:27  Pylon x2  
  69  5:46  Gateway  
  69  5:54  Stalker x4  
  69  5:56  Stalker  
  79  5:57  Stalker  
  79  6:01  Probe  
  82  6:08  Probe  
  79  6:19  Stalker x5  
  79  6:25  Stalker  
  87  6:41  Probe  
  87  6:43  Nexus  
  87  6:45  Pylon  
  88  6:50  Probe  
  88  6:51  Pylon  
  89  6:57  Assimilator  
  89  7:04  Robotics Facility  
  87  7:15  Stalker x7  
  99  7:17  Probe x2  
  93  7:40  Probe  
  93  7:41  Probe  
  95  7:47  Forge  
  95  7:50  Charge, Forge  
  95  7:52  Probe  
  95  7:53  Probe  
  95  7:55  Stalker  
  95  7:56  Stalker x5  
  84  8:05  Stalker  
  84  8:08  Probe  
  84  8:09  Probe  
  86  8:19  Protoss Ground Weapons Level 1  
  86  8:20  Probe  
  86  8:21  Probe, Stalker x2  
  86  8:23  Zealot x2  
  95  8:28  Probe  
  95  8:31  Protoss Ground Armor Level 1  
  95  8:32  Probe  
  95  8:33  Probe  
  96  8:41  Probe  
  97  8:44  Probe  
  99  8:51  Pylon  
  99  8:53  Zealot x4  
  108  8:56  Probe  
  108  8:58  Probe  
  108  9:01  Pylon  
  108  9:02  Zealot x2  
  112  9:05  Sentry  
  112  9:08  Probe  
  115  9:11  Immortal  
  119  9:19  Zealot x2  
  119  9:21  Zealot  
  119  9:22  Zealot  
  127  9:27  Stalker  
  129  9:31  Zealot  
  129  9:32  Zealot  
  133  9:42  Zealot  
  133  9:43  Zealot x2  
  139  9:49  Zealot  
  139  9:59  Zealot x3  
  112  10:05  Zealot x3  
  90  10:14  Probe  
  90  10:15  Probe  
  90  10:17  Assimilator  
  92  10:21  Assimilator  
  92  10:30  Stalker x6  
  92  10:35  Observer, Zealot  
  107  10:46  Probe  
  108  10:50  Pylon  
  108  10:51  Probe  
  108  10:53  Nexus  
  108  10:54  Pylon  
  108  10:57  Observer, Robotics Bay  
  110  11:10  Sentry x2  
  110  11:11  Sentry, Stalker x3  
  122  11:14  Stalker  
  124  11:23  Gateway  
  124  11:24  Gateway  
  124  11:36  Zealot x5, Pylon  
  134  11:54  Zealot x2  
  142  12:06  Stalker x3  
Show
View Real Time Build Order
Export as new Build Order

HeroMarine Terran 

Build Orders: Gas First Reaper Expand 

Get SALT Encoding   

  12  0:00  SCV  
  13  0:12  SCV  
  14  0:17  Supply Depot  
  14  0:25  SCV  
  15  0:29  Refinery  
  15  0:39  SCV  
  16  0:45  Barracks  
  16  0:51  SCV  
  17  1:03  SCV  
  18  1:15  SCV  
  19  1:32  Reaper, Orbital Command  
  20  1:48  Command Center  
  20  1:56  Factory  
  20  2:00  SCV  
  21  2:06  Barracks Reactor  
  21  2:12  SCV  
  22  2:20  Refinery  
  22  2:21  Supply Depot  
  22  2:24  SCV  
  23  2:43  SCV, Hellion, Starport  
  26  2:45  Marine  
  26  2:46  Marine  
  28  2:55  SCV  
  29  3:07  SCV  
  29  3:11  Widow Mine  
  32  3:14  Orbital Command  
  32  3:17  Marine  
  32  3:18  Marine  
  32  3:19  SCV  
  35  3:25  Medivac  
  37  3:31  SCV  
  38  3:35  Marine x2, Factory Tech Lab  
  40  3:42  SCV  
  40  3:43  SCV  
  40  3:46  Supply Depot  
  42  3:54  SCV  
  42  3:55  SCV  
  42  3:56  Marine x2  
  45  4:03  Barracks  
  45  4:06  SCV  
  45  4:08  Factory Tech Lab, Raven, SCV  
  49  4:11  Supply Depot  
  49  4:15  Marine  
  50  4:17  Marine  
  50  4:19  SCV  
  50  4:23  SCV  
  50  4:31  SCV  
  50  4:34  Marine  
  50  4:35  Marine, SCV  
  53  4:43  SCV  
  54  4:47  Barracks, SCV  
  54  4:49  Siege Tank  
  58  4:56  SCV, Engineering Bay  
  58  4:57  Marine x2  
  58  4:59  SCV  
  62  5:03  Bunker  
  62  5:06  Stimpack  
  62  5:12  Marine, SCV x2, Supply Depot  
  65  5:16  Starport Reactor  
  65  5:18  Refinery x2  
  65  5:19  Marine  
  65  5:20  Marine  
  67  5:26  Siege Tank  
  70  5:30  Missile Turret  
  70  5:34  Marine, SCV x2  
  73  5:41  Marine x2, Supply Depot  
  75  5:47  Supply Depot x2  
  75  5:48  SCV  
  76  5:50  SCV  
  76  5:52  Marine  
  76  5:53  Terran Infantry Weapons Level 1  
  78  6:02  Marine x2, SCV x2  
  82  6:10  Marauder x2  
  82  6:21  Marine x2  
  80  6:28  Medivac  
  80  6:29  Medivac  
  80  6:31  Marauder  
  80  6:32  Marauder  
  82  6:41  Factory Tech Lab  
  83  6:47  Marine x2  
  83  6:51  SCV x2  
  83  6:52  Marine  
  83  6:53  Marauder  
  88  6:59  Bunker  
  83  7:11  Marauder  
  83  7:13  Medivac  
  83  7:14  Marauder  
  89  7:16  SCV x2  
  89  7:17  Marine x2  
  89  7:21  Medivac  
  95  7:28  SCV x2  
  92  7:33  Marine  
  92  7:35  Marine  
  92  7:36  Marauder  
  86  7:40  Combat Shield, SCV  
  86  7:41  SCV  
  85  7:47  Marine  
  85  7:51  Marine  
  86  7:52  Supply Depot  
  86  7:53  Marine  
  86  7:54  SCV x2  
  86  7:57  Marauder  
  88  8:11  SCV x2  
  89  8:13  Marine x2  
  89  8:17  Barracks Tech Lab, Medivac x2  
  95  8:23  SCV x2  
  95  8:24  Barracks  
  95  8:25  Barracks  
  95  8:26  Marauder  
  99  8:31  Marine x2  
  88  8:40  SCV x2  
  89  8:43  Marauder  
  89  8:47  Marauder  
  92  8:49  Marine x2  
  92  8:50  Widow Mine  
  96  8:59  Concussive Shells  
  96  9:05  Marauder  
  96  9:06  Marine  
  96  9:07  Marine  
  96  9:09  Marauder  
  102  9:18  Supply Depot  
  102  9:25  Supply Depot  
  102  9:39  Marine x5, Medivac  
  102  9:41  Marauder, Supply Depot  
  110  9:48  SCV x2  
  110  9:57  Marine x5  
  86  10:02  Marine  
  67  10:09  SCV x2  
  56  10:15  Marine x5  
  56  10:20  Marine  
  57  10:21  SCV x2  
  55  10:33  Marine x5, SCV x2  
  55  10:34  Command Center  
  60  10:38  Marine  
  61  10:45  SCV x2, Medivac  
  61  10:49  Medivac  
  66  10:50  Marine x4  
  66  10:55  Marauder  
  66  10:56  Marine  
  73  10:57  SCV  
  73  10:58  SCV  
  75  11:08  Marine  
  75  11:09  Marine x2  
  75  11:10  Marine  
  80  11:14  Marauder  
  80  11:16  Widow Mine  
  80  11:17  Marauder  
  85  11:26  Marine x2  
  85  11:27  Marine  
  85  11:28  Marine, Medivac  
  91  11:36  Marauder  
  91  11:38  Marauder  
  95  11:44  Marine x3  
  95  11:54  Marine  

Tags
 
Add a new tag
Caveats
  • Supply blocks, unpowered buildings, or Contaminate may cause inaccurate times.
  • Supply counts are checked every 10 seconds.